 BcadrenCrawl: Boulder Brew version 0.06-688-g08e91b2d95 (webtiles) character file.

Game seed: 8944603424203924049

40 Leeroy the Ducker (level 3, -5/45 HPs) Goblin Demigod. Began on Jan 29, 2023. Slain by a hobgoblin ... wielding a +0 club (8 damage) ... on level 1 of the Dungeon. The game lasted 00:00:37 (170 turns).

Leeroy the Ducker (Goblin Demigod)                   Turns: 170, Time: 00:00:38

Health: -5/45      AC:  3    Str:  9    XL:     3 ^: 24
Magic:  4/4        EV: 15    Int:  9    God:
Gold:   18         SH:  0    Dex:  9    Spells: 3/4 levels left

rFire    . . .     Slash    x   a - +0 long sword
rCold    . . .     Pierce   .   (weapon restricted)
rNeg     . . .     Bludgeon .   b - +0 leather armour
rCorr    . . .     Vision   .   (no helmet)
rPois    .         Gourm    .   (no cloak)
rElec    .         Faith    .   (no gloves)
MR       .....     Spirit   .   (no boots)
HPRegen  0.25/turn Reflect  .   (no amulet)
MPRegen  0.14/turn Harm     .   (no ring)
Stlth    +.........             (no ring)

@: very slow
A: small, stagnant stats, goblin's greed, high mp 1, low mp 1, mutation
resistance 1, god's pity 2, soft flesh
a: no special abilities


You were on level 1 of the Dungeon.
You were not hungry.

You visited 1 branch of the dungeon, and saw 1 of its levels.

You collected 15 gold pieces.

Inventory:

Weapons
 a - a +0 long sword (weapon)
 e - a +1 dagger of venom
Armour
 b - a +0 leather armour (worn)
Scrolls
 c - a scroll of enchantment
Potions
 g - a potion of curing
Comestibles
 d - 2 rations
 f - 5 chunks of flesh


   Skills:
 + Level 1.4 Fighting
 + Level 3.2 Long Blades
 + Level 0.3 Armour
 + Level 5.0 Dodging
 + Level 2.9 Stealth
 + Level 1.3 Spellcasting
 + Level 2.9 Fire Magic


You had 3 spell levels left.
You knew the following spells:

 Your Spells              Type           Power        Failure   Level  Hunger
a - Flame Tongue          Fire           5 (30)       12%         1    28-48

Your spell library contained the following spells:

 Spells                   Type           Power        Failure   Level  Hunger
 Conjure Flame Fire 5 (100) 36% 3 108-168 Slow Hex 0 (100) 38% 1 28-48 Blink Tloc N/A 52% 2 68-108 Call Imp Summ 0 (100) 52% 2 68-108 Mephitic Cloud Pois/Air       0 (100)      77%         3    108-168


Dungeon Overview and Level Annotations

Branches:
Dungeon (1/8)


Innate Abilities, Weirdness & Mutations

Your stats never grow through leveling.
You are small and have problems with some larger weapons.
Your goblin ancestry allows you to find more gold. (+20 %)
You have an increased reservoir of magic. (+15% MP)
Your magical capacity is low. (-15% MP)
You are somewhat resistant to further mutation.
The pity of the gods increases the power of your passive and invoked divine abilities.
Your soft flesh is weak to deep cuts.
Heavy manmade armour will nullify this weakness. (rSlashing-)


Message History

The hobgoblin hits you (3).
* * * LOW HITPOINT WARNING * * *
The goblin hits you with a +0 dagger (3).
* * * LOW HITPOINT WARNING * * *
You hit the goblin (3).
He is lacerated severely!
You hit the goblin (1).
You kill the goblin!
The hobgoblin hits you with a +0 club (6).
* * * LOW HITPOINT WARNING * * *
The ooze hits you (2).
* * * LOW HITPOINT WARNING * * *
The hobgoblin hits you but does no damage.
The hobgoblin closely misses you.
You hit the ooze but do no damage. x2
The ooze is lightly wounded. (10/12) HP The ooze closely misses you.
You fails an attempted riposte.
You riposte.
You hit the ooze but do no damage. The hobgoblin barely misses you.
The kobold hits you but does no damage.
The hobgoblin hits you with a +0 club (8)!
You die...

KK##.....###########.
......).....÷........
##..)..###########.
#..†).# #. ##....# #.
#....# #.
########†...# #.
......≈gJ...### #.
......≈@K.....# #.
########g#..#.# #.
#.#..#.# ...#.# #
..###. .## #.


You could see a submerged ooze, 2 hobgoblins and a kobold.

Vanquished Creatures
  2 giant cockroaches (D:1)
  5 goblins (D:1)
  A bat (D:1)
  4 kobolds (D:1)
  A rat (D:1)
13 creatures vanquished.

Notes
Turn   | Place    | Note
-------+----------+-------------------------------------------
     0 | D:1      | Leeroy the Goblin Demigod began the quest for the Orb.
     0 | D:1      | Reached XP level 1. HP: 27/27 MP: 1/1
    50 | D:1      | Reached XP level 2. HP: 36/36 MP: 3/3
   156 | D:1      | Reached skill level 5 in Dodging
   156 | D:1      | Reached XP level 3. HP: 36/45 MP: 4/4
   170 | D:1      | Slain by a hobgoblin

Illustrated notes

Levels and vault maps discovered:
D:1:      dpeg_arrival_castle, layout_loops_ring, first_ration

Skill      XL: |  1  2 |
---------------+-------+-----
Long Blades    | 3 |  3.2
Dodging        | 5 |  5.0
Fighting       | |  1.4
Armour         | |  0.3
Stealth        | |  2.9
Spellcasting   | |  1.3
Fire Magic     | |  2.9

Action                   || total
-------------------------++-------
Melee: Long sword        ||    18
       Unarmed           ||     9
Armor: Leather armour    ||     9
Dodge: Dodged            ||    12
       Rpst.: Long sword ||     5
